 Dungeon Crawl Stone Soup version 0.23.1-37-gaa34b87b72 (webtiles) character file.

Game seed: 6056719144759569291

12 Descartes the Vexing (level 2, 0/11 HPs)
             Began as a Felid Enchanter on Mar 23, 2019.
             Slain by a kobold
             ... wielding a +0 dagger
              (2 damage)
             ... on level 1 of the Dungeon.
             The game lasted 00:02:48 (1019 turns).

Descartes the Vexing (Felid Enchanter)              Turns: 1019, Time: 00:02:49

Health: 0/11       AC:  1    Str:  4    XL:     2   Next: 20%
Magic:  6/6        EV: 18    Int: 16    God:
Gold:   33         SH:  0    Dex: 16    Spells: 4/5 levels left
                                        Lives:  0   Deaths: 0

rFire    . . .     SeeInvis +     - Unarmed
rCold    . . .     Gourm    .   (shield unavailable)
rNeg     . . .     Faith    .   (armour unavailable)
rPois    .         Spirit   .   (helmet unavailable)
rElec    .         Reflect  .   (cloak unavailable)
rCorr    .         Harm     .   (gloves unavailable)
MR       .....                  (boots unavailable)
Stlth    +++.......             (no amulet)
HPRegen  0.03/turn              (no ring)
MPRegen  0.10/turn              (no ring)

@: quick
A: very small, no armour, no weapons or thrown items, stealth, claws 1, fangs 3,
see invisible, carnivore, speed 1, shaggy fur 1, slow metabolism 1, sharp paws
a: no special abilities


You were on level 1 of the Dungeon.
You were not hungry.

You visited 1 branch of the dungeon, and saw 1 of its levels.

You collected 33 gold pieces.

Inventory:

Scrolls
 a - a scroll of amnesia {unknown}
 c - a scroll of identify {unknown}
Potions
 d - a potion of lignification {unknown}
Comestibles
 b - 2 rations
 f - a chunk of flesh


   Skills:
 * Level 3.2 Dodging
 + Level 4.2 Stealth
 * Level 1.5 Unarmed Combat
 - Level 2.0 Spellcasting
 - Level 4.4 Hexes


You had 4 spell levels left.
You knew the following spells:

 Your Spells              Type           Power        Failure   Level  Hunger
a - Corona                Hex            ###....      3%          1    #......

Your spell library contained the following spells:

 Spells                   Type           Power        Failure   Level  Hunger
 Confuse                  Hex            ###.....     11%         3    ###....
 Tukima's Dance           Hex            ###.....     11%         3    ###....
 Ensorcelled Hibernation  Hex/Ice        #.....       13%         2    ###....
 Dazzling Spray           Conj/Hex       #.....       26%         3    ###....


Dungeon Overview and Level Annotations

Branches:
Dungeon (1/15)

Altars:


Innate Abilities, Weirdness & Mutations

You cannot wear armour.
You are incapable of wielding weapons or throwing items.
Your paws allow you to move quietly. (Stealth)
You have sharp claws.
You have razor-sharp teeth.
You have supernaturally acute eyesight. (SInv)
You are carnivorous and can eat meat at any time.
You cover ground quickly.
You are covered in fur. (AC +1)
You have a slow metabolism.
Your sharp claws are effective at attacking unaware monsters.


Message History

You scratch the goblin.
You kill the goblin!
Things that are here:
a +0 dagger; a +0 club; a hobgoblin corpse You butcher the hobgoblin corpse.
Items here: % )) ÷ a +0 dagger; a +0 club; a chunk of flesh; a hobgoblin skeleton
Items here: % )) ÷ a +0 dagger; a +0 club; a chunk of flesh; a hobgoblin skeleton
f - a chunk of flesh A kobold is nearby!
A kobold is nearby!
Unknown command.
A kobold is nearby!
You closely miss the kobold. The kobold completely misses you.
You scratch the kobold but do no damage.
The kobold hits you with a +0 dagger.
* * * LOW HITPOINT WARNING * * *
You miss the kobold. The kobold hits you with a +0 dagger.
You die...

....### ##K#r....♣
#.### ##.....♣
#.#########....♣♣♣
♣♣♣ .......##.K.♣♣♣♣
♣♣♣P♣♣♣ ....##....♣♣♣
♣♣♣♣♣.....♣♣♣
....##.....♣
♣♣♣♣....♣♣♣♣♣..♣
.g..#.....♣♣
♣♣...♣♣♣♣♣ ♣♣♣.
....)g...♣♣
♣♣♣♣.♣♣♣.♣♣ ♣♣
)...g...♣♣ ♣♣♣.K@♣♣
♣♣.♣♣♣
#.....♣♣♣♣♣♣...♣♣♣
♣♣..♣♣♣ ♣
..♣♣♣♣♣♣≈≈≈.(♣♣♣
♣♣♣..♣ ♣ ♣♣♣
♣♣♣≈)≈♣♣♣ ♣♣.♣ ♣♣ ♣♣
♣♣≈≈≈≈♣♣ ♣♣)♣♣ ♣♣. .♣
♣♣♣♣♣...≈≈≈♣♣♣ ♣.♣♣
♣.♣
g♣♣♣♣♣.....♣...≈≈≈♣
♣♣.♣♣ ♣..
...♣.g...♣♣♣♣...♣≈≈≈♣
♣.♣.♣ ♣.. ♣♣....♣♣♣♣
♣♣.♣♣ ≈≈≈ ♣♣..♣ ♣P.


You could see a kobold.

Vanquished Creatures
  A bat (D:1)
  A goblin (D:1)
  2 hobgoblins (D:1)
  A frilled lizard (D:1)
  5 kobolds (D:1)
  2 rats (D:1)
12 creatures vanquished.

Notes
Turn   | Place    | Note
-------+----------+-------------------------------------------
     0 | D:1      | Descartes the Felid Enchanter began the quest for the Orb.
     0 | D:1      | Reached XP level 1. HP: 7/7 MP: 4/4
   705 | D:1      | Reached XP level 2. HP: 11/11 MP: 6/6
  1019 | D:1      | Slain by a kobold

Skill      XL: |  1 |
---------------+----+-----
Dodging        | 3 |  3.2
Stealth        | |  4.2
Unarmed Combat | |  1.5
Spellcasting   | |  2.0
Hexes          | |  4.4

Action                   || total
-------------------------++-------
Melee: Unarmed           ||    50
       Bite              ||     3
 Stab: Sleeping          ||     3
  Eat: Chunk             ||     3
Armor: Skin              ||     3
Dodge: Dodged            ||    25
